3394 views
Uploaded 2020-04-24 17:58:44
Game version 1.32.3
22:50 long 2on2 ladder game on (4)FurbolgMountain
Saved by zebroni
3394 views
Uploaded 2020-04-24 17:58:44
Game version 1.32.3
22:50 long 2on2 ladder game on (4)FurbolgMountain
89 units @ 12.6k
/ 2.3k
38 buildings @ 6.7k
/ 2.4k


| Staff of Preservation | 2 | 300 |
| Potion of Mana | 1 | 200 |
| Potion of Healing | 4 | 600 |
| Scroll of Town Portal | 1 | 350 |
| Boots of Speed | 1 | 250 |
| total: | 9 | 1700g |
| Wisp | 22 | 1320 | / | 0 |
| Archer | 9 | 1170 | / | 90 |
| Dryad | 17 | 2465 | / | 1020 |
| Huntress | 1 | 195 | / | 20 |
| Mountain Giant | 3 | 1050 | / | 300 |
| Druid of the Claw | 1 | 255 | / | 80 |
| total: | 53 | 6455g | / | 1510w |
| Ancient Protector | 2 | 270 | / | 160 |
| Altar of Elders | 1 | 180 | / | 50 |
| Moon Well | 6 | 1080 | / | 240 |
| Ancient of War | 1 | 150 | / | 60 |
| Hunter's Hall | 1 | 210 | / | 100 |
| Ancient of Wonders | 1 | 90 | / | 30 |
| Tree of Life | 2 | 680 | / | 370 |
| Ancient of Lore | 2 | 310 | / | 290 |
| Tree of Ages | 1 | 320 | / | 180 |
| Tree of Eternity | 1 | 330 | / | 200 |
| total: | 16 | 2970g | / | 1300w |
| 0:02 | Wisp |
| 0:02 | Wisp |
| 0:02 | Wisp |
| 0:06 | Altar of Elders |
| 0:07 | Moon Well |
| 0:21 | Ancient of War |
| 0:31 | Wisp |
| 0:39 | Wisp |
| 0:58 | Wisp |
| 1:05 | Wisp |
| 1:13 | Wisp |
| 1:22 | Archer |
| 1:41 | Wisp |
| 2:12 | Mana Burn |
| 2:14 | Wisp |
| 2:14 | Wisp |
| 2:16 | Moon Well |
| 2:44 | Tree of Ages |
| 3:17 | Hunter's Hall |
| 3:18 | Archer |
| 3:19 | Archer |
| 3:33 | Archer |
| 3:44 | Moon Well |
| 4:00 | Archer |
| 4:35 | Archer |
| 4:35 | Archer |
| 5:15 | Ancient of Lore |
| 5:25 | Improved Bows |
| 5:52 | Archer |
| 6:21 | Entangling Roots |
| 6:21 | Archer |
| 6:25 | Moon Well |
| 6:29 | Evasion |
| 6:41 | Boots of Speed |
| 6:52 | Dryad |
| 7:05 | Ancient Protector |
| 7:12 | Wisp |
| 7:13 | Wisp |
| 7:16 | Ancient of Wonders |
| 7:23 | Abolish Magic |
| 7:50 | Dryad |
| 8:48 | Dryad |
| 8:48 | Dryad |
| 8:50 | Huntress |
| 9:00 | Dryad |
| 9:13 | Ancient of Lore |
| 9:20 | Strength of the Wild |
| 9:23 | Thorns Aura |
| 9:34 | Wisp |
| 9:45 | Scroll of Town Portal |
| 10:11 | Tree of Life |
| 10:42 | Mountain Giant |
| 11:02 | Dryad |
| 11:21 | Dryad |
| 11:49 | Dryad |
| 11:59 | Wisp |
| 11:59 | Wisp |
| 12:00 | Wisp |
| 12:39 | Mana Burn |
| 12:47 | Dryad |
| 13:01 | Entangling Roots |
| 13:10 | Dryad |
| 13:52 | Druid of the Claw |
| 13:53 | Dryad |
| 13:58 | Wisp |
| 13:58 | Wisp |
| 13:58 | Wisp |
| 13:58 | Wisp |
| 13:59 | Wisp |
| 14:09 | Improved Strength of the Wild |
| 14:55 | Moon Well |
| 14:57 | Moon Well |
| 15:17 | Evasion |
| 15:56 | Dryad |
| 16:03 | Staff of Preservation |
| 16:12 | Mountain Giant |
| 16:20 | Potion of Mana |
| 16:41 | Potion of Healing |
| 16:50 | Ancient Protector |
| 17:07 | Dryad |
| 17:24 | Dryad |
| 17:42 | Reinforced Hides |
| 18:19 | Dryad |
| 18:41 | Force of Nature |
| 19:01 | Mountain Giant |
| 19:13 | Potion of Healing |
| 19:15 | Potion of Healing |
| 19:52 | Mana Burn |
| 20:21 | Dryad |
| 20:31 | Potion of Healing |
| 20:34 | Staff of Preservation |
| 20:39 | Tree of Eternity |
| 21:02 | Dryad |
| 21:18 | Tree of Life |



| Rod of Necromancy | 3 | 450 |
| Orb of Corruption | 1 | 375 |
| Dust of Appearance | 1 | 75 |
| Scroll of Healing | 1 | 250 |
| Potion of Lesser Invulnerability | 2 | 300 |
| total: | 8 | 1450g |
| Acolyte | 2 | 150 | / | 0 |
| Ghoul | 13 | 1560 | / | 0 |
| Crypt Fiend | 13 | 2795 | / | 520 |
| Obsidian Statue | 8 | 1600 | / | 280 |
| total: | 36 | 6105g | / | 800w |
| Crypt | 9 | 1800 | / | 450 |
| Ziggurat | 6 | 900 | / | 300 |
| Altar of Darkness | 1 | 180 | / | 50 |
| Tomb of Relics | 4 | 520 | / | 120 |
| Graveyard | 1 | 215 | / | 0 |
| Slaughterhouse | 1 | 140 | / | 135 |
| Halls of the Dead | 1 | 320 | / | 210 |
| Black Citadel | 1 | 325 | / | 230 |
| total: | 22 | 3755g | / | 1055w |
| 0:02 | Acolyte |
| 0:04 | Crypt |
| 0:04 | Crypt |
| 0:05 | Crypt |
| 0:05 | Crypt |
| 0:06 | Crypt |
| 0:06 | Crypt |
| 0:07 | Crypt |
| 0:08 | Crypt |
| 0:14 | Ziggurat |
| 0:19 | Acolyte |
| 0:35 | Altar of Darkness |
| 0:57 | Ziggurat |
| 1:09 | Ghoul |
| 1:14 | Tomb of Relics |
| 1:21 | Tomb of Relics |
| 1:23 | Tomb of Relics |
| 1:25 | Tomb of Relics |
| 1:28 | Ghoul |
| 1:43 | Ghoul |
| 1:53 | Ghoul |
| 2:10 | Ghoul |
| 2:19 | Ghoul |
| 2:36 | Rod of Necromancy |
| 2:37 | Dust of Appearance |
| 2:41 | Sleep |
| 2:49 | Ghoul |
| 3:01 | Ghoul |
| 3:02 | Halls of the Dead |
| 3:33 | Ghoul |
| 3:33 | Ghoul |
| 3:46 | Ziggurat |
| 4:33 | Ghoul |
| 4:33 | Ghoul |
| 4:49 | Graveyard |
| 5:15 | Ghoul |
| 6:07 | Crypt |
| 6:24 | Black Citadel |
| 6:30 | Carrion Swarm |
| 6:56 | Crypt Fiend |
| 7:08 | Rod of Necromancy |
| 7:17 | Crypt Fiend |
| 7:24 | Death Coil |
| 7:31 | Crypt Fiend |
| 7:51 | Crypt Fiend |
| 7:51 | Crypt Fiend |
| 8:41 | Crypt Fiend |
| 8:45 | Ziggurat |
| 8:53 | Burrow |
| 8:56 | Slaughterhouse |
| 9:08 | Ziggurat |
| 10:16 | Unholy Aura |
| 10:28 | Obsidian Statue |
| 10:35 | Orb of Corruption |
| 10:46 | Frost Nova |
| 10:47 | Carrion Swarm |
| 10:54 | Destroyer Form |
| 11:01 | Ziggurat |
| 11:51 | Obsidian Statue |
| 11:51 | Crypt Fiend |
| 12:06 | Creature Attack |
| 13:17 | Dark Ritual |
| 13:19 | Crypt Fiend |
| 13:58 | Obsidian Statue |
| 13:58 | Obsidian Statue |
| 14:04 | Sleep |
| 14:32 | Potion of Lesser Invulnerability |
| 14:32 | Scroll of Healing |
| 15:40 | Obsidian Statue |
| 15:40 | Crypt Fiend |
| 16:29 | Crypt Fiend |
| 16:59 | Crypt Fiend |
| 17:00 | Obsidian Statue |
| 17:45 | Death Coil |
| 19:25 | Crypt Fiend |
| 19:52 | Death Pact |
| 20:06 | Crypt Fiend |
| 20:28 | Rod of Necromancy |
| 20:42 | Potion of Lesser Invulnerability |
| 20:46 | Obsidian Statue |
| 21:15 | Obsidian Statue |
| 21:33 | Frost Nova |
100 units @ 14.5k
/ 1.6k
27 buildings @ 4.8k
/ 1.8k


| Healing Salve | 4 | 400 |
| Lesser Clarity Potion | 5 | 350 |
| Scroll of Speed | 4 | 200 |
| Potion of Healing | 3 | 450 |
| Scroll of Town Portal | 3 | 1050 |
| Scroll of Healing | 2 | 500 |
| Potion of Lesser Invulnerability | 1 | 150 |
| total: | 22 | 3100g |
| Peon | 7 | 525 | / | 0 |
| Grunt | 13 | 2600 | / | 0 |
| Raider | 15 | 2700 | / | 600 |
| Troll Witch Doctor | 10 | 1450 | / | 250 |
| Spirit Walker | 5 | 975 | / | 175 |
| Tauren | 2 | 560 | / | 160 |
| total: | 52 | 8810g | / | 1185w |
| Altar of Storms | 1 | 180 | / | 50 |
| Orc Burrow | 6 | 960 | / | 240 |
| Barracks | 1 | 180 | / | 50 |
| Voodoo Lounge | 1 | 130 | / | 30 |
| Great Hall | 1 | 385 | / | 185 |
| War Mill | 1 | 205 | / | 0 |
| Beastiary | 1 | 145 | / | 140 |
| Spirit Lodge | 1 | 150 | / | 150 |
| Tauren Totem | 1 | 135 | / | 155 |
| Stronghold | 1 | 315 | / | 190 |
| Fortress | 1 | 325 | / | 190 |
| total: | 14 | 2470g | / | 1000w |
| 0:02 | Peon |
| 0:02 | Peon |
| 0:07 | Altar of Storms |
| 0:18 | Orc Burrow |
| 0:24 | Peon |
| 0:34 | Barracks |
| 0:43 | Peon |
| 0:52 | Peon |
| 1:19 | Peon |
| 1:25 | Orc Burrow |
| 1:36 | Grunt |
| 1:44 | Peon |
| 1:58 | Voodoo Lounge |
| 2:06 | Feral Spirit |
| 2:18 | Grunt |
| 2:47 | Stronghold |
| 3:07 | Grunt |
| 3:32 | Chain Lighting |
| 3:38 | Grunt |
| 3:43 | Orc Burrow |
| 3:55 | Healing Salve |
| 3:55 | Lesser Clarity Potion |
| 3:55 | Scroll of Speed |
| 4:03 | Scroll of Speed |
| 5:21 | Fortress |
| 6:00 | Beastiary |
| 6:04 | Spirit Lodge |
| 6:07 | Berserker Strength |
| 6:13 | Healing Salve |
| 6:14 | Lesser Clarity Potion |
| 6:14 | Scroll of Speed |
| 6:15 | War Stomp |
| 6:20 | Feral Spirit |
| 6:30 | Orc Burrow |
| 7:19 | Raider |
| 7:19 | Ensnare |
| 7:37 | Witch Doctor Adept Training |
| 7:41 | Grunt |
| 8:03 | Scroll of Town Portal |
| 8:46 | Witch Doctor Master Training |
| 8:47 | Raider |
| 9:32 | Troll Witch Doctor |
| 9:34 | Endurance Aura |
| 10:05 | Troll Witch Doctor |
| 10:06 | Grunt |
| 10:08 | Raider |
| 10:29 | Healing Salve |
| 10:29 | Lesser Clarity Potion |
| 10:46 | Potion of Healing |
| 10:48 | Lesser Clarity Potion |
| 10:56 | Potion of Healing |
| 11:09 | Orc Burrow |
| 11:13 | Great Hall |
| 11:57 | War Mill |
| 13:04 | Chain Lighting |
| 13:12 | War Stomp |
| 13:18 | Grunt |
| 13:19 | Raider |
| 13:19 | Raider |
| 14:02 | Troll Witch Doctor |
| 14:03 | Troll Witch Doctor |
| 14:04 | Grunt |
| 14:05 | Raider |
| 14:07 | Tauren Totem |
| 14:17 | Healing Salve |
| 14:17 | Lesser Clarity Potion |
| 14:18 | Scroll of Speed |
| 14:38 | Grunt |
| 14:41 | Raider |
| 14:41 | Raider |
| 14:46 | Potion of Healing |
| 14:57 | Scroll of Town Portal |
| 15:07 | Grunt |
| 16:23 | Spirit Walker |
| 16:27 | Tauren |
| 16:45 | Endurance Aura |
| 16:49 | Grunt |
| 16:50 | Raider |
| 16:52 | Troll Witch Doctor |
| 16:52 | Troll Witch Doctor |
| 17:41 | Grunt |
| 17:42 | Raider |
| 17:43 | Tauren |
| 17:44 | Troll Witch Doctor |
| 18:39 | Feral Spirit |
| 19:20 | Raider |
| 19:24 | Spirit Walker |
| 19:25 | Troll Witch Doctor |
| 19:25 | Troll Witch Doctor |
| 19:25 | Grunt |
| 19:33 | War Stomp |
| 19:33 | Shockwave |
| 20:16 | Raider |
| 20:16 | Raider |
| 20:17 | Spirit Walker |
| 20:18 | Troll Witch Doctor |
| 20:22 | Orc Burrow |
| 21:15 | Spirit Walker |
| 21:39 | Scroll of Town Portal |
| 21:39 | Potion of Lesser Invulnerability |
| 21:39 | Scroll of Healing |
| 21:40 | Scroll of Healing |
| 22:10 | Chain Lighting |
| 22:35 | Spirit Walker |
| 22:36 | Raider |
| 22:36 | Raider |

| Lesser Clarity Potion | 1 | 70 |
| Moonstone | 1 | 50 |
| Scroll of Town Portal | 3 | 1050 |
| Potion of Lesser Invulnerability | 1 | 150 |
| Scroll of Protection | 1 | 150 |
| Healing Salve | 1 | 100 |
| total: | 8 | 1570g |
| Wisp | 18 | 1080 | / | 0 |
| Huntress | 11 | 2145 | / | 220 |
| Archer | 19 | 2470 | / | 190 |
| total: | 48 | 5695g | / | 410w |
| Altar of Elders | 1 | 180 | / | 50 |
| Moon Well | 6 | 1080 | / | 240 |
| Ancient of War | 2 | 300 | / | 120 |
| Hunter's Hall | 1 | 210 | / | 100 |
| Ancient of Wonders | 2 | 180 | / | 60 |
| Tree of Life | 1 | 340 | / | 185 |
| Tree of Ages | 1 | 320 | / | 180 |
| Tree of Eternity | 1 | 330 | / | 200 |
| total: | 13 | 2290g | / | 755w |
| 0:04 | Wisp |
| 0:04 | Wisp |
| 0:09 | Altar of Elders |
| 0:20 | Moon Well |
| 0:20 | Wisp |
| 0:20 | Wisp |
| 0:38 | Wisp |
| 0:38 | Wisp |
| 1:31 | Wisp |
| 1:32 | Wisp |
| 1:43 | Wisp |
| 1:50 | Ancient of War |
| 1:56 | Hunter's Hall |
| 2:09 | Moon Well |
| 2:11 | Wisp |
| 2:11 | Wisp |
| 2:20 | Entangling Roots |
| 2:52 | Ancient of War |
| 2:57 | Wisp |
| 3:22 | Moon Well |
| 3:24 | Ultravision |
| 3:35 | Huntress |
| 3:49 | Huntress |
| 4:05 | Wisp |
| 4:05 | Wisp |
| 4:23 | Huntress |
| 4:48 | Huntress |
| 5:10 | Huntress |
| 5:28 | Huntress |
| 6:03 | Huntress |
| 6:12 | Moon Well |
| 6:27 | Force of Nature |
| 6:29 | Huntress |
| 6:52 | Huntress |
| 7:21 | Tree of Ages |
| 7:39 | Huntress |
| 8:35 | Huntress |
| 8:52 | Moon Well |
| 9:13 | Potion of Lesser Invulnerability |
| 9:40 | Moon Well |
| 9:44 | Entangling Roots |
| 9:52 | Ancient of Wonders |
| 10:11 | Healing Salve |
| 10:11 | Lesser Clarity Potion |
| 10:12 | Scroll of Town Portal |
| 10:26 | Moon Glaive |
| 10:26 | Improved Bows |
| 10:47 | Archer |
| 10:53 | Strength of the Moon |
| 11:19 | Archer |
| 11:54 | Archer |
| 12:50 | Archer |
| 12:54 | Force of Nature |
| 13:07 | Archer |
| 13:22 | Archer |
| 13:22 | Archer |
| 14:13 | Moonstone |
| 14:16 | Scroll of Town Portal |
| 14:41 | Archer |
| 15:22 | Archer |
| 15:42 | Archer |
| 15:49 | Force of Nature |
| 16:03 | Tree of Eternity |
| 16:35 | Improved Strength of the Moon |
| 16:50 | Tree of Life |
| 17:23 | Archer |
| 17:52 | Ancient of Wonders |
| 18:13 | Archer |
| 18:13 | Archer |
| 18:13 | Archer |
| 18:42 | Archer |
| 18:43 | Archer |
| 19:01 | Tranquility |
| 19:11 | Scroll of Town Portal |
| 19:59 | Marksmanship |
| 19:59 | Archer |
| 20:04 | Wisp |
| 20:04 | Wisp |
| 20:04 | Wisp |
| 20:04 | Wisp |
| 20:17 | Advanced Strength of the Moon |
| 21:42 | Scroll of Protection |
| 22:22 | Entangling Roots |
| 22:38 | Archer |
| 22:38 | Archer |